 Dungeon Crawl Stone Soup version 0.31-a0-161-gb58dd9be76 (webtiles) character file.

Game seed: 16411906294391218877

503 qw the Shooter (level 7, -7/66 HPs)
             Began as a Naga Hunter on June 12, 2023.
             Shot with an arrow by a centaur (11 damage)
             ... on level 5 of the Dungeon.
             The game lasted 00:01:27 (3648 turns).

qw the Shooter (Naga Hunter)                        Turns: 3648, Time: 00:01:28

Health: -7/66      AC:  4    Str: 14    XL:     7   Next: 17%
Magic:  7/7        EV:  9    Int:  9    God:
Gold:   272        SH:  0    Dex: 19    Spells: 6/6 levels left

rFire   . . .        Y - +1 longbow
rCold   . . .        (shield currently unavailable)
rNeg    . . .        f - +0 ring mail of Pathos {Dex+3 SInv}
rPois   +            (no helmet)
rElec   .            (no cloak)
rCorr   +            (no gloves)
SInv    +            (no barding)
Will    +....        (no amulet)
Stlth   +            i - ring of willpower
HPRegen 0.31/turn    k - ring of resist corrosion
MPRegen 0.10/turn

%: no passive effects
@: very slow
A: AC +2, large, see invisible, deformed body, poison resistance, slowness 2,
spit poison 1, naga tail 1
a: Spit Poison


You were on level 5 of the Dungeon.
You visited 2 branches of the dungeon, and saw 6 of its levels.

You collected 272 gold pieces.


Innate Abilities, Weirdness & Mutations

Your serpentine skin is tough. (AC +2)
You have supernaturally acute eyesight. (SInv)
Armour fits poorly on your strangely shaped body.
Your system is resistant to poisons. (rPois)
You cover ground very slowly.
You can spit poison.
You have a snake-like lower body.


   Skills:
 - Level 4.5 Fighting
 + Level 6.6 Ranged Weapons
 - Level 1.5 Dodging
 - Level 1.5 Stealth


You had 6 spell levels left.
You didn't know any spells.
Your spell library was empty.

Inventory:

Hand Weapons
 Y - a +1 longbow (weapon)
Armour
 f - the +0 ring mail of Pathos (worn) {Dex+3 SInv}
   (You found it on level 3 of the Dungeon)

   Dex:       It affects your dexterity (+3).
   SInv:      It lets you see invisible.
Jewellery
 c - a ring of flight
 i - a ring of willpower (left hand)
 k - a ring of resist corrosion (right hand)
Wands
 e - a wand of digging (6)
Scrolls
 b - 3 scrolls of identify
 j - a scroll of poison {unknown}
Potions
 a - a potion of brilliance {unknown}
 d - a potion of berserk rage {unknown}
 g - a potion of might
 h - a potion of curing
 l - a potion of enlightenment {unknown}
 m - a potion of cancellation {unknown}

Dungeon Overview and Level Annotations

Branches:
Dungeon (5/15)             Temple (1/1) D:4

Altars:
Ashenzari
Cheibriados
Elyvilon
Fedhas
Hepliaklqana
Kikubaaqudgha
Makhleb
Qazlal
Sif Muna
Trog
Vehumet
Wu Jian
Yredelemnul
The Shining One

Annotations:
D:5 3 runed translucent doors, qw's ghost, novice GrHu


Message History

Enter note:
Enter note:
Enter note:
Enter note:
Enter note:
Enter note:
3643 ||| INVOKING Spit Poison.
Aiming: Spit Poison (1% risk of failure)
Press: ? - help, Shift-Dir - straight line, f - adder You fail to use your ability.
The adder closely misses you.
The centaur wields a +0 orcbow.
The centaur shoots an arrow.
The arrow hits you!
3644 ||| INVOKING Spit Poison.
Aiming: Spit Poison (1% risk of failure)
Press: ? - help, Shift-Dir - straight line, f/p - adder The splash of poison hits the adder.
The adder is poisoned.
The adder is lightly wounded.
The adder bites you but does no damage.
The centaur shoots an arrow.
The arrow barely misses you.
You shoot an arrow. The arrow closely misses the adder.
The centaur shoots an arrow.
The arrow hits you! The adder bites you.
You are poisoned.
The adder poisons you!
The centaur shoots an arrow.
The arrow hits you! The adder bites you but does no damage.
The centaur shoots an arrow.
The arrow hits you!
You shoot an arrow. The arrow hits the adder!
You kill the adder!
You have got your breath back.
You feel sick.
The centaur shoots an arrow.
The arrow hits you!
The centaur shoots an arrow.
The arrow hits you.
You shoot an arrow.
The arrow hits the centaur but does no damage.
You feel sick.
The centaur shoots an arrow.
The arrow misses you.
The centaur shoots an arrow.
The arrow closely misses you.
You shoot an arrow. The arrow hits the centaur!!
The centaur is almost dead.
You feel sick.
You are no longer poisoned.
The centaur shoots an arrow.
The arrow hits you!
You die...

#...........[..(....#
#..........###.../..#
...........#
##.....##
c..........# ##.##..#
....[......#
#..#..###
...........#
##.>...#.
...........# ##..#..)
...........## ####...
.....).@....#####
#...
......#####.....#
#... .....
#####.#####... ....
#......... #..
########.. #. #... #
#... #... #...


You could see a centaur.

Vanquished Creatures
  An ogre (D:5)
  A centaur (D:5)
  A jelly (D:4)
  A hound (D:5)
  An iguana (D:5)
  A sleepcap (D:4)
  8 adders
  A river rat (D:4)
  A white imp (D:3)
  5 worms
  A dart slug (D:3)
  13 orcs
  6 endoplasms
  5 giant cockroaches
  5 goblins
  11 hobgoblins
  3 jackals (D:3)
  8 quokkas
  8 ball pythons
  2 bats
  5 frilled lizards
  A goblin zombie (D:3)
  2 hobgoblin zombies (D:3)
  12 kobolds
  2 orc skeletons (D:3)
  2 orc zombies (D:3)
  9 rats
116 creatures vanquished.

Notes
Turn   | Place    | Note
-------+----------+-------------------------------------------
     0 | D:1      | qw the Naga Hunter began the quest for the Orb.
     0 | D:1      | Reached XP level 1. HP: 19/19 MP: 1/1
     0 | D:1      | 0 ||| qw: Version: 0.2-a-29-gc1b59c4
     0 | D:1      | 0 ||| qw: Game counter: 4193
     0 | D:1      | 0 ||| qw: Always use a shield: true
     0 | D:1      | 0 ||| qw: God list: Okawaru
     0 | D:1      | 0 ||| qw: Allow faded altars: false
     0 | D:1      | 0 ||| qw: Do Orc after D:15 true
     0 | D:1      | 0 ||| qw: Do second Lair branch before Depths: true
     0 | D:1      | 0 ||| qw: Lair rune preference: random
     0 | D:1      | 0 ||| qw: Plans: Normal
     0 | D:1      | 0 ||| PLANNING D:1-11
    17 | D:1      | 17 ||| INVOKING Spit Poison.
    35 | D:1      | 35 ||| INVOKING Spit Poison.
    51 | D:1      | 51 ||| INVOKING Spit Poison.
    58 | D:1      | 58 ||| INVOKING Spit Poison.
   153 | D:1      | 153 ||| INVOKING Spit Poison.
   159 | D:1      | Reached skill level 4 in Ranged Weapons
   159 | D:1      | Reached XP level 2. HP: 17/26 MP: 2/2
   198 | D:1      | 198 ||| INVOKING Spit Poison.
   208 | D:1      | 208 ||| INVOKING Spit Poison.
   266 | D:1      | 266 ||| INVOKING Spit Poison.
   269 | D:1      | 269 ||| INVOKING Spit Poison.
   270 | D:1      | 270 ||| INVOKING Spit Poison.
   288 | D:1      | 288 ||| INVOKING Spit Poison.
   292 | D:1      | 292 ||| INVOKING Spit Poison.
   293 | D:1      | 293 ||| INVOKING Spit Poison.
   301 | D:1      | 301 ||| INVOKING Spit Poison.
   312 | D:1      | 312 ||| INVOKING Spit Poison.
   328 | D:1      | 328 ||| INVOKING Spit Poison.
   350 | D:1      | 350 ||| READING scroll labelled XYOSHR MAETE.
   356 | D:1      | 356 ||| READING scroll labelled KOSUGU TIUNK.
   357 | D:1      | 357 ||| DROPPING scroll of butterflies.
   372 | D:1      | 372 ||| INVOKING Spit Poison.
   378 | D:1      | Reached XP level 3. HP: 32/32 MP: 3/3
   379 | D:1      | 379 ||| INVOKING Spit Poison.
   385 | D:1      | 385 ||| INVOKING Spit Poison.
   569 | D:1      | 569 ||| INVOKING Spit Poison.
   578 | D:1      | 578 ||| INVOKING Spit Poison.
   593 | D:1      | 593 ||| INVOKING Spit Poison.
   733 | D:1      | 733 ||| READING scroll labelled UDDYDU WIM GIT.
   734 | D:1      | 734 ||| READING scroll labelled WOENGEL HAWE.
   792 | D:2      | 792 ||| INVOKING Spit Poison.
   855 | D:2      | 855 ||| INVOKING Spit Poison.
   878 | D:2      | 878 ||| INVOKING Spit Poison.
   886 | D:2      | 886 ||| INVOKING Spit Poison.
   932 | D:2      | 932 ||| INVOKING Spit Poison.
   937 | D:2      | 937 ||| INVOKING Spit Poison.
   944 | D:2      | 944 ||| INVOKING Spit Poison.
   947 | D:2      | 947 ||| INVOKING Spit Poison.
   948 | D:2      | Reached skill level 5 in Ranged Weapons
   973 | D:2      | 973 ||| INVOKING Spit Poison.
   974 | D:2      | Reached XP level 4. HP: 39/39 MP: 4/4
   982 | D:2      | 982 ||| INVOKING Spit Poison.
   992 | D:2      | Found a faded altar of an unknown god.
  1007 | D:2      | 1007 ||| INVOKING Spit Poison.
  1115 | D:2      | 1115 ||| INVOKING Spit Poison.
  1251 | D:2      | 1251 ||| INVOKING Spit Poison.
  1271 | D:2      | 1271 ||| INVOKING Spit Poison.
  1274 | D:2      | 1274 ||| INVOKING Spit Poison.
  1443 | D:2      | 1443 ||| UPGRADING to ring of willpower.
  1444 | D:2      | 1444 ||| READING scroll labelled UXKUANLOHUY.
  1445 | D:2      | 1445 ||| READING scroll labelled AHAHU JIUTILL.
  1516 | D:2      | 1516 ||| READING scroll labelled KYSO TOUDGHIOTE.
  1517 | D:2      | 1517 ||| READING scroll labelled PAYCHE EMUBE.
  1561 | D:3      | 1561 ||| INVOKING Spit Poison.
  1581 | D:3      | 1581 ||| INVOKING Spit Poison.
  1607 | D:3      | 1607 ||| SWAPPING to +0 longbow.
  1608 | D:3      | 1608 ||| INVOKING Spit Poison.
  1609 | D:3      | 1609 ||| DROPPING +0 shortbow.
  1616 | D:3      | 1616 ||| INVOKING Spit Poison.
  1678 | D:3      | 1678 ||| INVOKING Spit Poison.
  1683 | D:3      | 1683 ||| INVOKING Spit Poison.
  1707 | D:3      | 1707 ||| INVOKING Spit Poison.
  1731 | D:3      | 1731 ||| INVOKING Spit Poison.
  1737 | D:3      | 1737 ||| INVOKING Spit Poison.
  1740 | D:3      | 1740 ||| INVOKING Spit Poison.
  1745 | D:3      | 1745 ||| INVOKING Spit Poison.
  1911 | D:3      | 1911 ||| INVOKING Spit Poison.
  1919 | D:3      | Reached skill level 3 in Fighting
  1943 | D:3      | Found a glowing golden altar of the Shining One.
  1944 | D:3      | Identified the +0 ring mail of Pathos {Dex+3 SInv}
  2069 | D:3      | 2069 ||| INVOKING Spit Poison.
  2075 | D:3      | 2075 ||| INVOKING Spit Poison.
  2239 | D:3      | 2239 ||| INVOKING Spit Poison.
  2243 | D:3      | 2243 ||| UPGRADING to +0 ring mail of Pathos {Dex+3 SInv}.
  2253 | D:3      | 2253 ||| DROPPING +0 leather armour.
  2254 | D:3      | 2254 ||| READING scroll labelled HEEMON AGGE.
  2257 | D:3      | 2257 ||| DRINKING 2 metallic green potions.
  2264 | D:4      | 2264 ||| PLANNING SEWER
  2266 | D:4      | 2266 ||| INVOKING Spit Poison.
  2279 | D:4      | Found a staircase to the Ecumenical Temple.
  2280 | D:4      | 2280 ||| INVOKING Spit Poison.
  2281 | D:4      | Reached XP level 5. HP: 49/49 MP: 5/5
  2289 | D:4      | 2289 ||| INVOKING Spit Poison.
  2312 | D:4      | 2312 ||| INVOKING Spit Poison.
  2348 | D:4      | 2348 ||| INVOKING Spit Poison.
  2368 | D:4      | 2368 ||| INVOKING Spit Poison.
  2461 | D:4      | 2461 ||| INVOKING Spit Poison.
  2497 | D:4      | 2497 ||| INVOKING Spit Poison.
  2558 | D:4      | 2558 ||| INVOKING Spit Poison.
  2562 | D:4      | 2562 ||| INVOKING Spit Poison.
  2605 | D:4      | 2605 ||| INVOKING Spit Poison.
  2645 | D:4      | 2645 ||| INVOKING Spit Poison.
  2646 | D:4      | 2646 ||| INVOKING Spit Poison.
  2649 | D:4      | 2649 ||| INVOKING Spit Poison.
  2727 | D:4      | 2727 ||| INVOKING Spit Poison.
  2762 | D:4      | 2762 ||| INVOKING Spit Poison.
  2789 | D:4      | 2789 ||| RIP SEWER
  2791 | D:4      | 2791 ||| PLANNING TEMPLE
  2791 | D:4      | 2791 ||| DROPPING +6 ring of intelligence.
  2792 | D:4      | 2792 ||| UPGRADING to ring of resist corrosion.
  2793 | D:4      | 2793 ||| READING scroll labelled TUMIME ESTING.
  2794 | D:4      | 2794 ||| READING 3 scrolls of identify.
  2794 | D:4      | 2794 ||| IDENTIFYING green potion
  2795 | D:4      | 2795 ||| READING 2 scrolls of identify.
  2795 | D:4      | 2795 ||| IDENTIFYING fuming white potion
  2796 | D:4      | 2796 ||| DROPPING potion of attraction.
  2852 | Temple   | Entered the Ecumenical Temple
  2903 | Temple   | 2903 ||| PLANNING D:1-11
  3022 | D:4      | 3022 ||| INVOKING Spit Poison.
  3030 | D:4      | 3030 ||| INVOKING Spit Poison.
  3033 | D:4      | 3033 ||| INVOKING Spit Poison.
  3044 | D:4      | 3044 ||| INVOKING Spit Poison.
  3107 | D:5      | Entered Level 5 of the Dungeon
  3108 | D:5      | 3108 ||| INVOKING Spit Poison.
  3112 | D:5      | 3112 ||| INVOKING Spit Poison.
  3113 | D:5      | 3113 ||| STAIRDANCE
  3119 | D:4      | HP: 12/49 [sleepcap (3)]
  3120 | D:4      | 3120 ||| READING scroll of teleportation.
  3122 | D:4      | Reached skill level 6 in Ranged Weapons
  3122 | D:4      | Reached XP level 6. HP: 14/56 MP: 6/6
  3318 | D:5      | 3318 ||| INVOKING Spit Poison.
  3323 | D:5      | 3323 ||| INVOKING Spit Poison.
  3328 | D:5      | 3328 ||| INVOKING Spit Poison.
  3401 | D:5      | 3401 ||| INVOKING Spit Poison.
  3405 | D:5      | 3405 ||| INVOKING Spit Poison.
  3408 | D:5      | 3408 ||| INVOKING Spit Poison.
  3410 | D:5      | Reached XP level 7. HP: 54/66 MP: 7/7
  3411 | D:5      | 3411 ||| INVOKING Spit Poison.
  3466 | D:5      | Found a radiant altar of Vehumet.
  3477 | D:5      | Found a runed translucent gate.
  3477 | D:5      | Found a runed translucent gate.
  3477 | D:5      | Found a runed translucent gate.
  3480 | D:5      | Noticed qw's ghost (novice GrHu)
  3522 | D:5      | 3522 ||| INVOKING Spit Poison.
  3541 | D:5      | 3541 ||| INVOKING Spit Poison.
  3602 | D:5      | 3602 ||| INVOKING Spit Poison.
  3643 | D:5      | 3643 ||| INVOKING Spit Poison.
  3644 | D:5      | 3644 ||| INVOKING Spit Poison.
  3646 | D:5      | HP: 16/66 [poisoned by an adder]
  3646 | D:5      | HP: 6/66 [centaur/arrow (2)]
  3648 | D:5      | Shot with an arrow by a centaur

Levels and vault maps discovered:
D:1:      psy_arrival_fountain, layout_loops_ring,
          amcnicky_mini_rare_corridor_liquid, grunt_decor_cap
D:2:      layout_basic, ebering_ecumenical_altar_ruins
D:3:      layout_loops_ring, nicolae_tso_besieged_by_evil
D:4:      layout_loops_cross, temple_green, gup_sewer_entry_spiral
D:5:      layout_rooms, mainiacjoe_overflow_boulevard,
          nemelex_dance_club_becter, gammafunk_ghost_nasty_kobolds
Temple:   nicolae_temple_x_marks_the_god

Skill      XL: |  1  2  3  4  5  6 |
---------------+-------------------+-----
Ranged Weapons | 4 5 6 |  6.6
Fighting       | 3 4 |  4.5
Dodging        | |  1.5
Stealth        | |  1.5

Action                     |  1- 3 |  4- 6 |  7- 9 || total
---------------------------+-------+-------+-------++-------
   Fire: Shortbow          |    66 |    11 |       ||    77
         Longbow           |       |   109 |    10 ||   119
Ability: Spit Poison       |    29 |    47 |     5 ||    81
    Use: Scroll            |     4 |     9 |       ||    13
         Potion            |       |     1 |       ||     1
 Armour: Leather armour    |     2 |     7 |       ||     9
         Ring mail         |       |     8 |     2 ||    10
  Dodge: Dodged            |    10 |    34 |     4 ||    48

Table legend:
 A = Non-vault XP
 B = Vault XP
 C = Vault XP percentage of total XP
 D = Non-vault monster count
 E = Vault monster count
 F = Vault count percentage of total count
                 A         B        C        D         E       F
            +---------+---------+-------+---------+---------+-------
      Total |     681 |      38 |   5.3 |     102 |      14 |  12.1
            +---------+---------+-------+---------+---------+-------
        D:1 |      43 |       0 |   0.0 |      27 |       0 |   0.0
        D:2 |      57 |       0 |   0.0 |      20 |       0 |   0.0
        D:3 |      44 |      17 |  27.9 |      21 |       8 |  27.6
        D:4 |     159 |      21 |  11.7 |      22 |       6 |  21.4
        D:5 |     378 |       0 |   0.0 |      12 |       0 |   0.0
            +---------+---------+-------+---------+---------+-------
